 Dungeon Crawl Stone Soup version 0.17.1-1-g73c8601 (webtiles) character file.

95 JustSomeDude the Insei (level 4, -3/35 HPs)
             Began as a Demonspawn Monk on Dec 26, 2015.
             Slain by a sky beast (6 damage)
             ... on level 3 of the Dungeon.
             The game lasted 00:06:20 (1924 turns).

JustSomeDude the Insei (Demonspawn Monk)            Turns: 1924, Time: 00:06:21

Health: -3/35      AC:  5    Str: 11    XL:     4   Next: 39%
Magic:  3/3        EV: 12    Int: 11    God:
Gold:   67         SH:  0    Dex: 17    Spells: 0 memorised, 3 levels left

rFire  . . .     SeeInvis .     j - +4 dagger
rCold  . . .     Rnd*Rage +     d - +0 ring mail
rNeg   . . .     SustAt   .     (no shield)
rPois  .         Gourm    .     (helmet restricted)
rElec  .         Spirit   .     (no cloak)
rCorr  .         Warding  .     (no gloves)
rMut   .         Stasis   .     (no boots)
MR     .....                    (no amulet)
Stlth  ++........               (no ring)
                                (no ring)

@: not resistant to hostile enchantments, unstealthy
A: horns 1, talons 2, berserk 1, low mp 1, MP-powered wands
a: no special abilities


You were on level 3 of the Dungeon.
You were not hungry.

You visited 1 branch of the dungeon, and saw 3 of its levels.

You collected 67 gold pieces.

Inventory:

Hand Weapons
 j - a +4 dagger (weapon)
Armour
 a - a +0 robe
 d - a +0 ring mail (worn)
Wands
 o - a wand of slowing (17)
Scrolls
 c - 3 scrolls of identify
 f - a scroll of remove curse
 g - a scroll of recharging {unknown}
 i - 2 scrolls of teleportation {unknown}
 k - 2 scrolls of enchant weapon {unknown}
Miscellaneous
 p - a plain deck of defence {the Blade}
Comestibles
 m - a meat ration
 n - a bread ration


   Skills:
 + Level 3.1 Fighting
 + Level 0.5 Short Blades
 + Level 1.0 Armour
 + Level 3.4 Dodging
 + Level 2.4 Stealth
 + Level 4.1 Unarmed Combat


You had 3 spell levels left.
You didn't know any spells.

Dungeon Overview and Level Annotations

Branches:
Dungeon (3/15)

Altars:
Nemelex Xobeh


Innate Abilities, Weirdness & Mutations

You have razor-sharp toenails.
You have a pair of small horns on your head.
You tend to lose your temper in combat.
Your magical capacity is low (-10% MP).
You expend magic power (3 MP) to strengthen your wands.


Message History

* * * LOW HITPOINT WARNING * * *
The sky beast shocks you.
* * * LOW HITPOINT WARNING * * *
You feel extremely strange.
You feel less energetic.
You feel your magical essence link to your wands.
You feel a little pissed off.
The sky beast hits you but does no damage.
Unknown command.
You hit the sky beast. Your kick misses the sky beast.
The sky beast is almost dead.
The sky beast closely misses you.
You closely miss the sky beast.
The sky beast is almost dead.
The sky beast flickers out of sight!
Deactivating autopickup; reactivate with Ctrl-A.
Something hits you.
* * * LOW HITPOINT WARNING * * *
Something shocks you.
You die...

#..# #..#
###..#######
#..._......#
#.#..#####.# ###
#.#..## ##.## ..#
#.#...###...##
#)####.##......<...
#@.%#.##..###...##
#{##.#.##..# ##.##
#.# #.#.##..####.#
#. #.#..........#
...###.####..######
#............#
..............#
..............#
#.#####.#######


There were no monsters in sight!

Vanquished Creatures
  4 adders
  An ooze (D:1)
  A worm (D:2)
  A giant gecko (D:2)
  2 giant cockroaches
  6 hobgoblins
  2 quokkas (D:3)
  5 bats
  4 giant newts
  8 goblins
  4 kobolds
  28 rats
66 creatures vanquished.

Notes
Turn   | Place    | Note
--------------------------------------------------------------
     0 | D:1      | JustSomeDude the Demonspawn Monk began the quest for the Orb.
     0 | D:1      | Reached XP level 1. HP: 18/18 MP: 1/1
   272 | D:1      | Gained mutation: You have sharp toenails. [demonic ancestry]
   272 | D:1      | Reached XP level 2. HP: 12/24 MP: 2/2
   476 | D:1      | Reached skill level 4 in Unarmed Combat
   717 | D:1      | Gained mutation: You have razor-sharp toenails. [demonic ancestry]
   717 | D:1      | Reached XP level 3. HP: 16/29 MP: 3/3
  1638 | D:3      | Reached XP level 4. HP: 24/35 MP: 4/4
  1797 | D:3      | Reached skill level 1 in Armour
  1848 | D:3      | Found a sparkling altar of Nemelex Xobeh.
  1903 | D:3      | Noticed a sky beast
  1914 | D:3      | Gained mutation: You have a pair of small horns on your head. [potion of beneficial mutation]
  1922 | D:3      | Gained mutation: Your magical capacity is low (-10% MP). [potion of mutation]
  1922 | D:3      | Gained mutation: You expend magic power (3 MP) to strengthen your wands. [potion of mutation]
  1922 | D:3      | Gained mutation: You tend to lose your temper in combat. [potion of mutation]
  1924 | D:3      | Slain by a sky beast

Action                   |  1- 3 |  4- 6 || total
-------------------------+-------+-------++-------
Melee: Unarmed           |    92 |       ||    92
       Dagger            |    54 |    52 ||   106
  Use: Potion            |       |     4 ||     4
       Scroll            |       |     3 ||     3
 Stab: Sleeping          |     7 |       ||     7
  Eat: Bread ration      |     1 |       ||     1
